[Event "50th La Roda Open 2024"]
[Site "La Roda"]
[Date "2024.03.27"]
[Round "1.1"]
[White "Pastor Villalba, Arturo"]
[Black "Aravindh, Chithambaram VR."]
[Result "0-1"]
[ECO "D35"]
[WhiteElo "1893"]
[BlackElo "2662"]
[Annotator "TA"]
[PlyCount "74"]
[EventDate "2024.03.27"]
[EventType "swiss"]
[EventCountry "ESP"]
[SourceTitle "playchess.com"]
[Source "ChessBase"]
[SourceQuality "1"]
[TimeControl "5400+30"]

1. d4 Nf6 2. c4 e6 3. Nf3 d5 4. cxd5 exd5 5. Nc3 c6 6. Qc2 Bd6 7. Bg5 O-O 8. e3 Re8 9. Bd3 h6 10. Bh4 a5 11. O-O Bg4 12. Nd2 g5 {[%emt 0:01:14] Die Stellung ist ausgeglichen.} 13. Bg3 (13. f3 $5) 13... Bxg3 14. hxg3 Kg7 15. Nf3 Nbd7 16. Bf5 Bxf5 17. Qxf5 Qe7 18. a3 Qd6 19. Rfd1 Re6 (19... Nb6 {ist vielschichtiger.} 20. Ne5 Qe6 21. Qc2 Ng4) 20. Rac1 Qe7 21. Qc2 Re8 22. b4 axb4 23. axb4 b5 24. Qb2 Nb6 25. Ne5 Nfd7 26. Nd3 (26. e4 $11 {war vorzuziehen.}) 26... Nc4 $15 27. Qa2 h5 28. Qe2 Rh6 {[%emt 0:01:09] Schwarz steht aktiver.} 29. Qf3 {[%emt 0:05:10] [#]} Nf6 $1 30. Qf5 Ng4 {[%emt 0:00:40][%cal Oc4e3] Zielt auf ...Ncxe3! ab.} 31. Re1 (31. Ne5 $17) 31... Nd6 $19 32. Qf3 f5 (32... Qe6 $19 {bietet bessere Gewinnchancen. Droht stark ...Reh8.} 33. Nc5 Qc8) 33. Qe2 $2 {[%emt 0:04:06] Danach ist Weiß chancenlos.} (33. Ne5 $17 {war die einzige Verteidigung.} Ne4 (33... Nxe5 34. dxe5 Qxe5 35. Ne2 $11) 34. Rc2) 33... Nc4 {[%emt 0:01:41] ...h4 wäre nun fies.} 34. Ra1 $2 (34. f3 {leistet mehr Widerstand.} Ngxe3 (34... Qxe3+ 35. Qxe3 Ngxe3 36. Nd1 $17) 35. Qf2) 34... h4 35. gxh4 Rxh4 {[%emt 0:00:30] ( -> ...Reh8)} 36. Qa2 (36. f3 $142 Ngxe3 37. Nd1) 36... Reh8 37. Kf1 {[%emt 0:00:31] [#]} Ncxe3+ $1 {[%emt 0:00:21][%mdl 512] Gewichteter Fehlerwert: Weiß=0.45/Schwarz=0.20 (präzise) .  Fehler:       	Weiß=5     	Schwarz=1     Ungenau:       	Weiß=3     	Schwarz=2     OK:         	Weiß=6     	Schwarz=9     Bester:       	Weiß=1     	Schwarz=4     Stark:        	---       	Schwarz=1} 0-1

[Event "50th La Roda Open 2024"]
[Site "La Roda"]
[Date "2024.03.27"]
[Round "1.2"]
[White "Xu, Xiangyu"]
[Black "Diaz Rodriguez, Jose Antonio"]
[Result "1-0"]
[ECO "E90"]
[WhiteElo "2623"]
[BlackElo "1892"]
[Annotator "TA"]
[PlyCount "57"]
[EventDate "2024.03.27"]
[EventType "swiss"]
[EventCountry "ESP"]
[SourceTitle "playchess.com"]
[Source "ChessBase"]
[SourceQuality "1"]
[TimeControl "5400+30"]

1. d4 Nf6 2. c4 d6 3. Nf3 g6 4. Nc3 Bg7 5. e4 c6 6. Bg5 Bg4 7. Be2 Bxf3 8. Bxf3 {[%emt 0:02:01] Weiß steht besser.} Nbd7 9. O-O h6 10. Be3 e5 11. d5 c5 12. Nb5 Qb8 13. a3 {[%emt 0:02:17] Weiß hat aktiveres Spiel. Die schwarzen Türme stehen passiv.} a6 14. Nc3 Qd8 15. Rb1 g5 (15... h5 $16 {ist eine bessere Verteidigung.}) 16. h3 $18 {[%emt 0:03:39] Weiß steht deutlich besser.} O-O 17. Qd3 Re8 18. Rfc1 Nf8 19. b4 b6 20. Rb2 Ng6 21. g3 Qd7 22. Bg2 Rab8 23. Rcb1 {[%emt 0:01:06] [#] Schwarz muss nun bxc5 beachten.} Qc7 24. Na4 Nd7 25. Bf3 b5 26. cxb5 axb5 27. Nc3 c4 28. Qf1 f5 (28... Nf4 $142 29. a4 (29. gxf4 exf4 30. Bd2 Bd4 $16) 29... bxa4) 29. Bh5 {[%emt 0:00:32] Gewichteter Fehlerwert: Weiß=0.09 (makellos) /Schwarz=0.18 (sehr präzise) .  Fehler:       	---       	Schwarz=2     Ungenau:       	Weiß=1     	Schwarz=2     OK:         	Weiß=9     	Schwarz=5     Bester:       	Weiß=1     	---} ({Schwächer ist} 29. exf5 e4 30. Nxe4 Ne7 $16) 1-0

[Event "50th La Roda Open 2024"]
[Site "La Roda"]
[Date "2024.03.27"]
[Round "1.3"]
[White "Mellado Sais, Carles"]
[Black "Karthik Venkataraman"]
[Result "0-1"]
[ECO "E32"]
[WhiteElo "1891"]
[BlackElo "2609"]
[Annotator "TA"]
[PlyCount "62"]
[EventDate "2024.03.27"]
[EventType "swiss"]
[EventCountry "ESP"]
[SourceTitle "playchess.com"]
[Source "ChessBase"]
[SourceQuality "1"]
[TimeControl "5400+30"]

1. d4 Nf6 2. c4 e6 3. Nc3 Bb4 4. Qc2 d6 5. e4 c5 6. d5 O-O 7. Bd3 Re8 8. Nge2 {[%emt 0:01:21] The position is equal.} Nbd7 (8... exd5 $11 9. cxd5 c4 10. Bxc4 Rxe4) 9. O-O Ne5 10. Bg5 {[%emt 0:04:31][%cal Bc1g5,Bg5h4,Bh4g3][%mdl 32] Strongly threatening f4.} h6 11. Bh4 Ng6 12. Bg3 e5 13. Rae1 (13. a3 $14 Bxc3 14. Nxc3) 13... Nh5 $11 14. f4 exf4 15. Nxf4 {[%emt 0:01:43] [#] White is now going downhill.} (15. Bxf4 $15 Bg4 16. Bd2) 15... Nxg3 $1 $17 16. hxg3 Ne5 17. Re3 Bd7 18. a3 Ba5 19. Be2 a6 20. Na2 (20. a4 $17) 20... b5 $19 21. Kh1 (21. b3 {was necessary.}) 21... bxc4 22. Rb1 Rb8 23. Bxc4 Bd2 ({Much less strong is} 23... Ng4 24. Rf3 $19) 24. Re2 (24. Rf3) 24... Bxf4 {[%emt 0:00:10] Black is clearly winning.} 25. gxf4 Qh4+ 26. Kg1 Ng4 {[%emt 0:01:04] [#] ( -> ...Qh2+)} 27. Ree1 Qh2+ 28. Kf1 Qxf4+ 29. Kg1 Qh2+ 30. Kf1 f5 {[%emt 0:08:33] And now ...fxe4 would win.} 31. Bd3 fxe4 {[%emt 0:00:15] Weighted Error Value: White=1.06/Black=0.12 (very precise) .  Mistake:       	White=5     	Black=1      Inaccurate:     	White=3     	---        OK:         	White=6     	Black=9      Best:        	White=1     	Black=1      Strong:       	---       	Black=1} 0-1

[Event "50th La Roda Open 2024"]
[Site "La Roda"]
[Date "2024.03.27"]
[Round "1.4"]
[White "Pranav Vijay"]
[Black "Campos Rodriguez, Alvaro"]
[Result "1-0"]
[ECO "C11"]
[WhiteElo "2252"]
[BlackElo "1890"]
[Annotator "RC"]
[PlyCount "83"]
[EventDate "2024.03.27"]
[EventType "swiss"]
[EventCountry "ESP"]
[SourceTitle "playchess.com"]
[Source "ChessBase"]
[SourceQuality "1"]
[TimeControl "5400+30"]

1. e4 e6 2. d4 d5 3. Nc3 Nf6 4. e5 Nfd7 5. f4 c5 6. Nf3 Nc6 7. Be3 cxd4 8. Nxd4 Be7 9. Qd2 O-O 10. O-O-O a6 11. h4 Nxd4 12. Bxd4 b5 13. Bd3 Nc5 14. g4 b4 15. Ne2 Bd7 16. f5 Rc8 17. Bxc5 Bxc5 18. f6 Qb6 19. Rh3 Rfd8 20. fxg7 Bb5 21. Nf4 Bxd3 22. Qxd3 Qb5 23. Qd2 Qc4 24. Kb1 Be3 25. Rxe3 Qxf4 26. Qe2 Rc4 27. b3 Rd4 28. Rxd4 Qxd4 29. Rd3 Qc5 30. Rd1 Rc8 31. h5 Kxg7 32. g5 a5 33. Rc1 Qc3 34. Rf1 Rc7 35. g6 hxg6 36. hxg6 fxg6 37. Qf2 Qh3 38. Qf6+ Kh7 39. Rf4 Qh1+ 40. Kb2 Rxc2+ 41. Kxc2 Qg2+ 42. Kd3 1-0

[Event "50th La Roda Open 2024"]
[Site "La Roda"]
[Date "2024.03.27"]
[Round "1.5"]
[White "Corchon Granero, Mateo"]
[Black "Albornoz Cabrera, Carlos Daniel"]
[Result "0-1"]
[ECO "B25"]
[WhiteElo "1890"]
[BlackElo "2603"]
[Annotator "TA"]
[PlyCount "66"]
[EventDate "2024.03.27"]
[EventType "swiss"]
[EventCountry "ESP"]
[SourceTitle "playchess.com"]
[Source "ChessBase"]
[SourceQuality "1"]
[TimeControl "5400+30"]

1. e4 c5 2. Ne2 Nf6 3. Nbc3 d6 4. g3 g6 5. Bg2 Nc6 6. d3 Bg7 7. O-O O-O 8. Be3 Rb8 9. a4 a6 10. h3 b5 11. axb5 axb5 12. Qd2 b4 13. Nd1 Bb7 14. Bh6 {[%emt 0:02:24] Die Stellung ist ausgeglichen.} Bxh6 15. Qxh6 Nd4 16. Qd2 e5 17. Nxd4 cxd4 18. b3 (18. Qxb4 Bxe4 19. Qa5 Bxg2 20. Qxd8 Rfxd8 $17) 18... Nh5 19. Bf3 (19. Qxb4 Bxe4 20. Qd2 Bxg2 21. Kxg2 f5 $15) 19... Ng7 20. Nb2 (20. Qxb4 $2 {geht unter.} Bxe4 $19) 20... f5 21. Ra4 Ne6 22. exf5 (22. Rxb4 $11 {bleibt in der Remisbreite.} Ng5 23. Bg2) 22... Bxf3 $17 23. fxe6 Qf6 24. Ra7 $2 (24. Nc4 $17) 24... Qxe6 $19 25. Qh6 {[%emt 0:00:41] [#]} Rb7 ({Günstiger ist} 25... Bb7 $1 $19 26. Re1 Qd5 27. Rxb7 Rxb7) 26. Rxb7 $17 Bxb7 $40 {[%emt 0:00:08][%mdl 128] Schwarz will per K.O. gewinnen.} 27. Qh4 Qf7 {[%emt 0:06:58] Schwarz hat aktiveres Spiel.} 28. f3 Qc7 29. Rf2 {[%emt 0:06:57] [#]} (29. Nc4 $17 {war erzwungen.}) 29... Qc3 ({Weniger gut wäre} 29... Rxf3 30. Rxf3 Bxf3 31. Qf6 $17) (29... Bxf3 $142 30. Nc4 d5) 30. Nd1 $2 (30. Nc4) 30... Qe1+ $19 {[%emt 0:02:47] Schwarz steht klar auf Gewinn.} 31. Rf1 Qe2 32. Qe7 Bxf3 33. Nf2 Bd5 {[%emt 0:01:49] Gewichteter Fehlerwert: Weiß=0.58/Schwarz=0.14 (sehr präzise) .  Verlustzug:     	Weiß=1     	---        Fehler:       	Weiß=3     	Schwarz=2     Ungenau:       	Weiß=1     	Schwarz=1     OK:         	Weiß=7     	Schwarz=6     Bester:       	Weiß=4     	Schwarz=2} 0-1

[Event "50th La Roda Open 2024"]
[Site "La Roda"]
[Date "2024.03.27"]
[Round "1.6"]
[White "Iturrizaga Bonelli, Eduardo"]
[Black "Jafar Hussain, Yaser"]
[Result "1-0"]
[ECO "A20"]
[WhiteElo "2588"]
[BlackElo "1887"]
[Annotator "TA"]
[PlyCount "65"]
[EventDate "2024.03.27"]
[EventType "swiss"]
[EventCountry "ESP"]
[SourceTitle "playchess.com"]
[Source "ChessBase"]
[SourceQuality "1"]
[TimeControl "5400+30"]

1. c4 e5 2. g3 d5 3. cxd5 Nf6 4. Bg2 Nxd5 5. Nf3 Nc6 6. O-O Be6 7. d4 exd4 $1 8. Nxd4 Nxd4 {[%emt 0:00:08] White has an edge.} 9. Qxd4 c6 10. Nc3 Qb6 11. Qa4 Nxc3 12. bxc3 {[%emt 0:00:31][%cal Oa1b1] Threatens to win with Rb1!} Be7 13. Bf4 {[%emt 0:04:45] aiming for Rab1.} Qc5 14. Rab1 {[%emt 0:04:09] And now Be3 would win.} b5 15. Qd4 Qxd4 16. cxd4 Rc8 {[%emt 0:00:23][%cal Ob5b4] [#]} 17. d5 $1 {[%emt 0:09:01] White leaves nothing to chance now.} Bxd5 (17... cxd5 18. Rxb5) 18. Bxd5 cxd5 19. Rxb5 O-O 20. Rxd5 {[%emt 0:00:20] White is more active.} Rc2 {[%emt 0:00:05] [#]} ({Black should try} 20... Rfd8 21. Rxd8+ Bxd8) 21. Rd7 $1 $16 Rxe2 22. Be3 {[%emt 0:01:00] Wards off Bc5} (22. Rxa7 Bc5 23. Rc7 Bb4 $11) 22... Bf6 23. Rxa7 ({Inferior is} 23. Bxa7 Rxa2 24. Kg2 h5 $11) 23... h5 24. Rd1 h4 25. Kg2 Re8 26. Kf3 Rc2 27. Rdd7 hxg3 28. hxg3 Rf8 29. a4 Rcc8 30. a5 Ra8 $2 (30... Rc3 31. Kg2 Rc2) 31. Rxf7 Bc3 ({Stronger than} 31... Rxf7 32. Rxa8+ Kh7 33. Kg2 $18) (31... Bd4 $142) 32. Rxf8+ $18 Rxf8+ 33. Kg2 {[%emt 0:00:33] Weighted Error Value: White=0.11 (very precise) /Black=0.24 (precise) .  Mistake:       	---       	Black=3      Inaccurate:     	White=1     	Black=2      OK:         	White=14    	Black=4      Best:        	White=1     	Black=1      Strong:       	---       	Black=1} 1-0

[Event "50th La Roda Open 2024"]
[Site "La Roda"]
[Date "2024.03.27"]
[Round "1.7"]
[White "Rubio Caceres, Aaron"]
[Black "Peralta, Fernando"]
[Result "0-1"]
[ECO "E12"]
[WhiteElo "1882"]
[BlackElo "2580"]
[Annotator "TA"]
[PlyCount "90"]
[EventDate "2024.03.27"]
[EventType "swiss"]
[EventCountry "ESP"]
[SourceTitle "playchess.com"]
[Source "ChessBase"]
[SourceQuality "1"]
[TimeControl "5400+30"]

1. d4 e6 2. c4 b6 3. Nf3 Bb7 4. a3 Nf6 5. Nc3 d5 6. g3 dxc4 7. Qa4+ Nbd7 8. Qxc4 {[%emt 0:07:56] The position is equal.} c5 9. Bg2 a6 10. dxc5 Bxc5 11. O-O O-O 12. b4 Be7 13. Bb2 Rc8 14. Qb3 Rc7 15. Rfc1 Qa8 16. Ne1 Bxg2 17. Nxg2 Rfc8 18. Na4 b5 19. Rxc7 Rxc7 20. Nc3 Qb7 21. Nf4 Nb6 22. Nd3 Nc4 23. a4 Nd7 24. axb5 axb5 25. Rc1 h6 26. Qa2 $2 {[%emt 0:01:46] [#]} ({White should play} 26. Nb1 $15) 26... Rc8 (26... Bg5 $1 $19 {[%cal Oc4b2] and Black stays clearly on top. Strongly threatening ...Nxb2!} 27. Nf4 Nxb2 28. Qxb2 e5) 27. Qb3 Bg5 28. Ra1 Bf6 29. Rc1 Bg5 30. Ra1 $1 Be7 31. Rc1 $1 e5 32. Nd1 Bg5 $36 {[%emt 0:02:37][%mdl 2048] Black is in control. Black is much more active.} 33. Rc2 {[%emt 0:00:32] [#]} (33. e3 $142) 33... e4 $1 $17 34. Nf4 Bxf4 35. gxf4 Ndb6 {[%emt 0:00:12] And now ...Rd8 would win. A dynamic duo of knights.} 36. Ne3 Qd7 {[%emt 0:01:29] Prevents Bd4. ...Rc6 would now be deadly.} 37. Nxc4 $2 (37. Kh1 $17 {is more resistant.}) 37... Nxc4 $19 38. Qc3 {[%emt 0:00:17][%csl Gb2][%cal Rc3g7] White is weak on the light squares} Qd1+ 39. Kg2 {[%emt 0:00:20][%csl Gb2][%cal Rc3g7] [#]} Ne3+ $1 40. Qxe3 Rxc2 {[%emt 0:00:17] KQR-KQB} 41. Bd4 Rxe2 42. Qc3 Rc2 43. Qe3 Qg4+ 44. Kf1 Qf3 45. Bc5 Qh1# {[%emt 0:00:14] Weighted Error Value: White=0.61/Black=0.37.  Loses game:     	White=1     	---        Mistake:       	White=2     	Black=1      Inaccurate:     	White=4     	Black=1      OK:         	White=14    	Black=15     Best:        	White=2     	Black=2      Strong:       	White=2     	---} 0-1

[Event "50th La Roda Open 2024"]
[Site "La Roda"]
[Date "2024.03.27"]
[Round "1.8"]
[White "Sonis, Francesco"]
[Black "Liu, Meng"]
[Result "1-0"]
[ECO "E15"]
[WhiteElo "2562"]
[BlackElo "1877"]
[Annotator "TA"]
[PlyCount "65"]
[EventDate "2024.03.27"]
[EventType "swiss"]
[EventCountry "ESP"]
[SourceTitle "playchess.com"]
[Source "ChessBase"]
[SourceQuality "1"]
[TimeControl "5400+30"]

1. d4 Nf6 2. c4 e6 3. Nf3 b6 4. g3 Ba6 5. Nbd2 Bb7 6. Bg2 c5 7. e3 cxd4 8. exd4 Be7 9. O-O O-O 10. b3 d5 11. Bb2 Nc6 12. Qe2 {[%emt 0:00:45] The position is equal.} Rc8 13. Rfd1 Rc7 14. Rac1 Qa8 15. Nf1 Rfc8 16. Ne3 dxc4 (16... Na5 $11) 17. bxc4 $18 Na5 {[%emt 0:13:26] [#]} 18. d5 $1 exd5 19. cxd5 Rxc1 20. Bxc1 ({But not} 20. Rxc1 $6 Rxc1+ 21. Bxc1 Bc5 $11) 20... Bf8 (20... Re8 $16 {was necessary.}) 21. Nh4 (21. Bb2 $18) 21... Re8 $16 22. Qd3 Nd7 23. Bb2 {[%emt 0:05:48] aiming for Be4.} Ne5 (23... Qd8 $16) 24. Qf1 (24. Bxe5 $18 Rxe5 25. Nf3) 24... Qc8 $14 25. Rc1 Qd7 26. Qd1 ({White should play} 26. Qe2 $14) 26... Ba6 $1 $11 27. Nhf5 {[%emt 0:08:17][%cal Bh4f5,Bf5d4,Bd4c6][%mdl 32] Bh3 would now be deadly.} g6 $1 28. Bxe5 Rxe5 29. Nd4 $36 {[%emt 0:00:16][%mdl 2048] Ng4 is the strong threat. White is more active.} Bc5 $2 (29... Re8 $11 {and Black has nothing to worry.}) 30. Ng4 $18 {[%emt 0:00:32] Excellent horsemanship.} Qe7 {[%emt 0:00:00] Prevents Nf6+} 31. Nxe5 Qxe5 32. Nc6 Qf6 {[%emt 0:00:00] [#]} (32... Nxc6 33. dxc6 Kg7) 33. Rxc5 $1 {[%emt 0:01:08][%mdl 512] Weighted Error Value: White=0.24 (precise) /Black=0.64.  Loses game:     	---       	Black=1      Mistake:       	White=3     	Black=4      Inaccurate:     	---       	Black=1      OK:         	White=12    	Black=8      Best:        	White=1     	Black=1      Strong:       	---       	Black=2      Brilliant:      	White=1     	---} 1-0

[Event "50th La Roda Open 2024"]
[Site "La Roda"]
[Date "2024.03.27"]
[Round "1.9"]
[White "Buzica Patrin, Teo Adrian"]
[Black "Siddharth, Jagadeesh"]
[Result "0-1"]
[ECO "C01"]
[WhiteElo "1876"]
[BlackElo "2490"]
[Annotator "TA"]
[PlyCount "110"]
[EventDate "2024.03.27"]
[EventType "swiss"]
[EventCountry "ESP"]
[SourceTitle "playchess.com"]
[Source "ChessBase"]
[SourceQuality "1"]
[TimeControl "5400+30"]

1. e4 e6 2. d4 d5 3. exd5 exd5 4. Bd3 Nc6 5. c3 Bd6 6. h3 Nge7 7. Qc2 {[%emt 0:04:55] C01: Französische Verteidigung (Abtauschvariante).} Be6 8. Nf3 h6 9. Nbd2 Qd7 10. Nf1 O-O-O 11. b4 $146 ({Predecessor:} 11. Bd2 g5 12. O-O-O f6 13. Ng3 h5 14. h4 g4 15. Ng1 Bxg3 16. fxg3 Bf5 17. Ne2 Bxd3 18. Qxd3 {0-1 Delgado Crespo,M (2260)-Goryachkina,A (2478) EU-chT (Women) 21st 2017 (5.4)}) 11... Rde8 12. Qa4 Ng6 13. Ne3 Nf4 (13... Kb8 {vereinfacht} 14. Bxg6 fxg6 15. b5 Nd8) 14. Bf1 Bf5 15. Kd2 (15. b5 $11 {bleibt in der Remisbreite.} Nb8 16. Qxa7) 15... Kb8 $17 16. Bb5 {[%emt 0:04:06] [#]} (16. Nxf5 $15 Qxf5 17. Qc2) 16... Nxg2 $2 (16... Bg6 $1 $19 {[%cal Oe8e3][%mdl 512] Und jetzt ...Rxe3! wäre schön.} 17. Ne1 Rxe3 18. fxe3 Nh5) 17. Nxg2 $11 Be4 18. Be2 $2 (18. Nfe1 $1 $14 {nur das bewahrt Vorteil.}) 18... Bxf3 $1 $19 19. Bxf3 Qf5 20. Ne1 {[%emt 0:05:12] [#]} (20. Qd1 $2 Nxd4 21. Ba3 Nxf3+ (21... Qxf3 $2 22. Qxf3 Nxf3+ 23. Kd1 $19) 22. Kc1 Ne5 $19) 20... Rxe1 (20... Bf4+ $1 $19 21. Kd1 Rxe1+ 22. Kxe1 Bxc1 23. Rxc1 Qxf3) 21. Rxe1 $15 Qxf3 22. Qb5 $1 Qxh3 23. Qd3 (23. Qxd5 $15 Nxb4 24. cxb4 Bxb4+ 25. Ke2 Qg4+ (25... Bxe1 26. Rb1 $11) 26. Kf1 Bxe1 (26... Qh3+ 27. Ke2 $11) 27. Rb1) 23... Qg2 (23... Qd7 $17 24. Rh1 Re8) 24. Qe2 (24. Kc2 $15) 24... a5 25. a3 h5 26. Kc2 h4 27. Bd2 Qg6+ 28. Qd3 Qf6 29. f4 h3 (29... Bxf4 30. Rf1 g5 31. Bxf4 gxf4 32. Qd2 $11) ({Vorzuziehen ist} 29... a4 $17 30. Re2 Ne7 (30... Bxf4 31. Rf2 $11)) 30. Rh1 h2 31. Rae1 Rh4 32. Qg3 Qf5+ 33. Kb2 Rh3 34. Qf2 Qd3 ({Besser ist} 34... g5 $11) 35. Re3 $1 $14 Rxe3 36. Qxe3 Qc4 (36... Qxe3 37. Bxe3 g5 (37... axb4 38. axb4 Kc8 39. Rxh2 $16) 38. Rxh2 (38. fxg5 axb4 39. axb4 Ka7 $15) 38... gxf4 39. Bc1 $18) 37. Rxh2 a4 38. Kc1 $2 {[%emt 0:00:02] [#]} (38. Bc1 $1 $14 {behält die Oberhand.}) 38... Qb3 $1 $17 39. Be1 g5 40. Bg3 $2 ({Jedoch nicht} 40. Rh8+ $2 Ka7 41. Qd3 (41. fxg5 $2 {zu gefräßig.} Nxb4 42. axb4 a3 $19) 41... Qxa3+ (41... Bxf4+ $2 42. Bd2 $19) 42. Kd1 Qa1+ (42... Bxf4 $2 43. Qc2 $19) 43. Ke2 gxf4 $19 (43... Bxf4 $2 44. Qc2 $19)) (40. Qe8+ $17 {ist der einzige Weg für Weiss..} Ka7 41. Rb2 Bxf4+ (41... Qxa3 42. Kb1 $11) 42. Kb1 Qd1+ (42... Qxa3 43. Qd7 $11) 43. Ka2) 40... Qxa3+ (40... gxf4 $142 41. Bxf4 Bxf4 (41... Qxa3+ $2 42. Kb1 $19) 42. Qxf4 Qxa3+ (42... Qxc3+ $2 43. Kb1 $19) 43. Kb1 Qxc3) 41. Kd1 $2 (41. Rb2 {ist zäher.}) 41... Qb3+ $19 42. Ke2 a3 43. Rh1 a2 44. Qc1 gxf4 45. Bf2 f3+ 46. Kxf3 Nxb4 47. Kg4 Nc2 48. Qg5 a1=Q 49. Rxa1 Nxa1 50. Qg8+ Ka7 51. Qxf7 Qc4 52. Qf3 Nb3 53. Qd1 Qxc3 54. Qb1 b6 55. Qd1 Kb7 0-1

[Event "50th La Roda Open 2024"]
[Site "La Roda"]
[Date "2024.03.27"]
[Round "1.10"]
[White "Elias Reyes, Jorge Roberto"]
[Black "Alvarez Lee, Felix"]
[Result "1-0"]
[ECO "C54"]
[WhiteElo "2473"]
[BlackElo "1873"]
[Annotator "TA"]
[PlyCount "35"]
[EventDate "2024.03.27"]
[EventType "swiss"]
[EventCountry "ESP"]
[SourceTitle "playchess.com"]
[Source "ChessBase"]
[SourceQuality "1"]
[TimeControl "5400+30"]

1. e4 e5 2. Nf3 Nc6 3. Bc4 Bc5 4. c3 Nf6 5. d4 exd4 6. b4 (6. cxd4 $11 Bb4+ 7. Bd2) 6... Bb6 $1 $15 7. e5 {[%emt 0:00:20] [#]} O-O $2 8. exf6 $16 {[%emt 0:01:57] White is better.} Re8+ {[%emt 0:00:21] [#]} 9. Be2 $1 Qxf6 10. O-O dxc3 {[%emt 0:04:16] [#] aiming for ...c2.} 11. Bg5 $1 Qg6 (11... c2 $16 12. Qxc2 Qe6 (12... Qxa1 $2 {too greedy.} 13. Nc3 $18)) 12. Nxc3 {[%emt 0:01:51][%cal Bb1c3,Bc3d5,Bd5f4,Bf4h3][%mdl 32] Strongly threatening Bd3.} d6 13. Nd5 Kh8 14. Be3 Bxe3 15. fxe3 ({Resist} 15. Nxe3 Nxb4 16. a3 Nc6 $18) 15... Rb8 16. b5 Bh3 (16... Ne5 $142 17. Nxc7 Rf8) 17. Nf4 $18 (17. bxc6 $2 Qxg2#) 17... Qe4 18. Nxh3 {[%emt 0:00:16] Weighted Error Value: White=0.11 (very precise) /Black=0.68.  Mistake:       	---       	Black=3      Inaccurate:     	---       	Black=1      OK:         	White=4     	Black=3      Best:        	White=1     	---        Strong:       	White=2     	Black=1} 1-0

[Event "50th La Roda Open 2024"]
[Site "La Roda"]
[Date "2024.03.27"]
[Round "1.11"]
[White "Goni Sierro, Jon"]
[Black "Admiraal, Miguoel"]
[Result "0-1"]
[ECO "B10"]
[WhiteElo "1866"]
[BlackElo "2471"]
[Annotator "TA"]
[PlyCount "190"]
[EventDate "2024.03.27"]
[EventType "swiss"]
[EventCountry "ESP"]
[SourceTitle "playchess.com"]
[Source "ChessBase"]
[SourceQuality "1"]
[TimeControl "5400+30"]

1. e4 c6 2. d3 d5 3. Nd2 e5 4. Ngf3 Bd6 5. g3 Nf6 6. Bg2 O-O 7. O-O Re8 8. Re1 a5 {[%emt 0:00:13] B10: Caro-Kann-Verteidigung.} 9. c3 Na6 10. d4 dxe4 11. Nxe4 Nxe4 12. Rxe4 Bf5 13. Re1 exd4 14. Nxd4 Rxe1+ 15. Qxe1 Bg6 16. Be3 Nc5 $146 ({Predecessor:} 16... Qe7 17. Rd1 Nc5 18. Qe2 Bc7 19. h4 h5 20. Bf3 Re8 21. Bxh5 Bxg3 22. Bxg6 fxg6 {1-0 Popovic,P (2532)-Lehner,O (2437) AUT-chT 0102 2001 (5.2)}) 17. Rd1 Qf6 18. Qd2 Ne4 19. Bxe4 Bxe4 20. f3 Bd5 $1 (20... Bxf3 $2 {zu gefräßig.} 21. Rf1 $18) 21. b3 Re8 (21... Bxf3 $2 {ist das falsche Schlagen.} 22. Rf1 $18) (21... b5 $1 $15) 22. c4 Bb4 (22... Bxf3 $2 {verliert.} 23. Bg5 $18) 23. Qf2 Be6 24. Nc2 Bf8 25. Bd4 Qg6 26. a4 h5 27. Bb6 Bh3 28. Ne3 Bb4 29. Nc2 $2 {[%emt 0:08:28] [#]} (29. Bd4 $15) 29... Bf8 $2 (29... c5 $1 $19 30. Bc7 Bc3) 30. Bxa5 (30. Ne3 $1 $11) 30... Bc5 $1 $17 31. Nd4 Bxd4 32. Qxd4 Qc2 33. Qd2 Qxb3 34. Bc3 {[%emt 0:00:32] [#]} Qxc4 ({Günstiger ist} 34... f6 $1 $17 35. a5 Qxc4) 35. Bxg7 $1 $11 Qe2 36. Bc3 Qxd2 (36... Kh7 {wäre vielleicht verwirrender.} 37. f4 Qxd2 38. Rxd2 Re3) 37. Bxd2 ({Vorzuziehen ist} 37. Rxd2 $11 Re3 38. Rd8+ Kh7 39. Rh8+ Kg6 40. Rg8+ Kf5 41. Rh8) 37... Re2 $15 38. a5 c5 (38... Rg2+ $15 39. Kh1 Rf2) 39. Bc3 (39. Bf4 $11) 39... Rg2+ $17 40. Kh1 Rc2 41. Be5 Bg2+ 42. Kg1 Bxf3 43. Rd3 Be4 44. Rc3 Rg2+ 45. Kf1 Rxh2 46. Rxc5 Ra2 47. Ke1 Kh7 48. Bf4 Bf3 49. Kf1 Kg6 50. Ke1 Kf6 51. Kf1 Kg6 52. Ke1 f6 53. Kf1 Be4 54. Ke1 Bf3 55. Kf1 $1 Kf7 56. Ke1 Ke6 57. Kf1 Ra4 58. Kf2 Bd5 59. Bc7 Ra3 60. Ke2 f5 61. Kf2 Be4 62. Ke2 Kf6 63. Bd8+ Kg6 64. Bh4 Kf7 65. Kd2 ({Besser ist} 65. Re5 $1 $11) 65... Ke6 $15 66. Kc1 Ra2 67. Bg5 Ra4 68. Kd2 Bd5 69. Ke3 (69. Rb5 $17) 69... Ra3+ $19 70. Kf2 Rf3+ 71. Ke2 Rxg3 72. Bf4 Ra3 73. Rc8 Rxa5 74. Rh8 Ra4 75. Be3 (75. Rh6+ $142 Kf7 76. Bg3) 75... f4 $19 76. Rh6+ Kf7 77. Bd2 $2 (77. Bg1) 77... Bc4+ $2 (77... f3+ $19 {ist viel giftiger.} 78. Kf1 Ra2) 78. Kf3 $17 Bd5+ (78... Bd3 $17 {Zielt auf ...Be4+ ab.} 79. Rh8 Bg6) 79. Kf2 $2 (79. Ke2 $11 f3+ 80. Kf1) 79... Ra2 $19 80. Ke1 f3 81. Rxh5 f2+ 82. Kxf2 Rxd2+ 83. Ke3 Rd1 84. Ke2 Rd4 85. Ke3 Re4+ 86. Kd3 Bc6 87. Rc5 Re6 88. Kc4 Ke7 89. Rh5 Kd6 90. Kb4 Re4+ 91. Kc3 b5 92. Kd3 Rg4 93. Kc3 Bd5 94. Rh2 Kc5 95. Kc2 Rg2+ 0-1